Map: Oceanborn LE

Players

Medic

  • Race: Terran Terran
  • League: Master
  • Spawn Location: 11:00

Markuz - Winner!

  • Race: Protoss Protoss
  • League: Diamond
  • Spawn Location: 5:00

VOD

Have the link to the VOD?

Description

Time

  • Played on: Aug. 7, 2024, 10:44 p.m.
  • Length: 18:38
Show
View Real Time Build Order
Export as new Build Order

Medic Terran 

Build Orders: Reaper Expand 

Get SALT Encoding   

  12  0:00  SCV  
  13  0:12  SCV  
  14  0:17  Supply Depot  
  14  0:24  SCV  
  15  0:38  SCV  
  15  0:40  Barracks  
  15  0:42  Refinery  
  16  0:50  SCV  
  17  1:03  SCV  
  18  1:15  SCV  
  19  1:26  Reaper  
  19  1:27  Orbital Command  
  20  1:42  Command Center  
  20  1:53  SCV  
  21  1:58  Barracks  
  21  2:01  Marine  
  22  2:09  SCV  
  22  2:11  Supply Depot  
  23  2:20  Bunker  
  23  2:21  Barracks Tech Lab  
  23  2:33  SCV  
  23  2:35  Barracks  
  24  2:43  Marauder  
  26  2:46  Concussive Shells  
  26  2:47  SCV  
  27  2:53  Marine  
  28  2:59  SCV  
  28  3:04  Marauder  
  32  3:06  Orbital Command  
  32  3:11  SCV  
  32  3:12  Marine  
  33  3:25  Barracks Reactor  
  33  3:27  Marine, SCV  
  33  3:30  Supply Depot  
  33  3:32  Engineering Bay  
  35  3:34  Barracks Reactor  
  35  3:35  Stimpack  
  35  3:37  SCV  
  35  3:40  SCV  
  37  3:49  SCV  
  37  3:54  Marine  
  36  3:58  SCV  
  36  4:01  SCV  
  35  4:09  Marine x2  
  34  4:10  SCV  
  34  4:11  Marine  
  34  4:14  SCV, Terran Infantry Weapons Level 1  
  37  4:18  Marine x2  
  37  4:22  SCV  
  40  4:26  SCV, Refinery  
  40  4:27  Marine x2  
  43  4:32  Marine  
  43  4:34  SCV  
  43  4:35  Marine  
  43  4:38  Factory, SCV  
  47  4:45  Supply Depot  
  47  4:46  SCV  
  47  4:50  Marine x2, SCV  
  51  4:55  Supply Depot, Marine  
  51  4:56  Marine  
  51  4:59  SCV  
  54  5:06  SCV  
  55  5:12  SCV  
  55  5:13  Command Center  
  56  5:16  Supply Depot  
  56  5:18  Marine  
  56  5:20  Marine  
  58  5:28  Combat Shield  
  58  5:30  Starport  
  58  5:32  Factory Reactor  
  58  5:35  SCV x2  
  59  5:47  SCV x2  
  59  5:49  Supply Depot  
  60  5:53  Marauder  
  60  5:54  Marine x3  
  63  5:59  SCV  
  63  6:00  SCV  
  64  6:10  Barracks  
  64  6:11  SCV  
  64  6:12  Barracks, SCV  
  64  6:14  Marine  
  64  6:16  Refinery  
  61  6:23  SCV  
  61  6:24  SCV  
  56  6:26  Refinery  
  56  6:29  Orbital Command  
  56  6:33  Medivac x2, Marine x2  
  56  6:36  SCV  
  56  6:39  Terran Infantry Armor Level 1, SCV  
  64  6:46  Marine x2  
  66  6:48  SCV  
  66  6:52  SCV  
  66  6:55  Marauder, Marine x2  
  66  7:00  SCV  
  70  7:04  SCV  
  70  7:07  Medivac x2, Barracks Reactor, Barracks Tech Lab  
  72  7:10  Marine x2  
  72  7:12  SCV  
  72  7:14  SCV  
  76  7:17  Supply Depot, SCV  
  76  7:22  Marauder, Marine x2  
  80  7:24  SCV  
  80  7:25  Marauder  
  82  7:30  SCV x2  
  80  7:37  Medivac x2  
  80  7:41  Marine  
  80  7:42  Marine  
  80  7:44  Marauder, Marine x3  
  88  7:47  SCV x2  
  88  7:49  SCV  
  88  7:51  Supply Depot  
  94  7:53  Supply Depot  
  94  7:54  Marauder  
  96  8:00  Factory Tech Lab  
  96  8:01  Armory  
  96  8:02  Factory Reactor  
  96  8:04  Marine  
  96  8:05  Marauder  
  99  8:07  Marine  
  99  8:10  Medivac  
  99  8:12  Orbital Command  
  101  8:16  Marauder  
  102  8:22  SCV x2  
  102  8:25  Marine x2  
  102  8:26  Marauder  
  108  8:31  Ghost Academy  
  108  8:34  SCV x2  
  108  8:35  Missile Turret  
  108  8:36  Missile Turret  
  108  8:37  Marauder  
  108  8:39  Marine  
  110  8:41  Widow Mine  
  110  8:42  Widow Mine  
  110  8:48  Marauder  
  116  8:51  Supply Depot, Marine x2  
  116  8:52  Refinery x2  
  118  8:57  Terran Infantry Weapons Level 2  
  120  9:03  Widow Mine x2  
  124  9:12  Marine x2  
  124  9:13  Marine x2, Marauder, Ghost  
  120  9:24  Widow Mine  
  122  9:33  Ghost  
  123  9:40  Barracks  
  123  9:41  Barracks, Ghost  
  124  9:45  Barracks  
  124  9:48  Widow Mine x2, Viking x2  
  132  10:00  Command Center  
  132  10:02  Marine, Ghost  
  132  10:03  Supply Depot  
  132  10:04  Supply Depot  
  135  10:12  Widow Mine x2, Marine  
  140  10:19  Engineering Bay  
  140  10:22  Ghost  
  140  10:23  Viking  
  140  10:24  Viking  
  140  10:30  Ghost  
  140  10:31  Barracks Tech Lab  
  140  10:32  Barracks Tech Lab x2  
  140  10:34  Barracks Reactor  
  142  10:36  SCV x3  
  142  10:42  Marine  
  144  10:44  Marine x2  
  144  10:48  SCV  
  145  10:50  Ghost  
  145  10:53  Marine  
  140  10:58  SCV  
  140  10:59  Ghost, SCV  
  140  11:00  Marauder, SCV  
  145  11:04  Ghost  
  142  11:20  Marauder, Ghost, SCV x2  
  142  11:21  SCV  
  142  11:25  Marine x2  
  145  11:26  Viking  
  145  11:29  Marauder  
  147  11:38  Terran Infantry Weapons Level 3, Terran Infantry Armor Level 2  
  146  11:45  Marine x2  
  146  11:46  Marauder, Marine x2  
  146  11:47  Marine  
  152  11:51  Planetary Fortress  
  152  11:56  Marine x2  
  152  11:57  Marauder  
  156  12:04  Missile Turret  
  156  12:07  Missile Turret  
  156  12:08  Marine  
  156  12:09  Marauder, Marine  
  156  12:10  Bunker, Barracks Tech Lab  
  156  12:15  Marauder, Marine  
  163  12:19  Refinery  
  163  12:21  Refinery  
  163  12:23  Supply Depot x2  
  163  12:31  Marine  
  163  12:32  Marauder  
  163  12:35  Viking x2  
  170  12:40  Starport  
  170  12:44  Widow Mine x2  
  172  12:46  Marine x2  
  172  12:47  Marauder x2  
  172  12:51  SCV  
  183  12:53  Missile Turret  
  183  12:57  Marine  
  183  12:58  Marauder, Marine  
  185  13:09  Marauder, Marine  
  188  13:16  Marine  
  188  13:17  Marine  
  188  13:20  Marine  
  188  13:21  Marine  
  188  13:23  Marine  
  188  13:25  Viking  
  188  13:26  Marauder x3, Viking  
  185  13:27  Marine  
  185  13:29  Viking  
  185  13:31  Marauder  
  148  13:42  Orbital Command  
  148  13:48  Marauder, Marine x2  
  147  13:49  Marine  
  147  13:50  Marauder  
  145  13:57  Marine  
  145  13:58  Command Center, Marauder  
  145  14:00  Marine  
  145  14:02  Command Center  
  148  14:04  Marine x2  
  148  14:05  Marauder, Marine  
  148  14:06  Marine  
  151  14:10  Marauder  
  151  14:15  Missile Turret  
  119  14:25  Marine x2  
  119  14:28  Marine  
  119  14:29  Marine  
  123  14:31  Marine  
  122  14:42  Ghost x2  
  122  14:44  Starport Reactor  
  126  14:46  Medivac x2  
  126  14:49  Widow Mine x2  
  130  14:58  SCV x2  
  132  15:01  Refinery  
  132  15:03  Terran Infantry Armor Level 3  
  132  15:06  Ghost x2  
  136  15:11  Ghost  
  138  15:17  Planetary Fortress  
  138  15:19  Ghost  
  140  15:24  Missile Turret x2  
  140  15:25  Missile Turret  
  140  15:34  Supply Depot x2  
  140  15:41  Missile Turret  
  142  15:42  Marine  
  142  15:43  Marine  
  142  15:47  Widow Mine  
  148  15:50  Widow Mine  
  148  15:56  Viking  
  148  15:57  Marauder x2, Viking  
  153  16:04  Marine x3  
  153  16:05  Marine  
  153  16:07  Marine x2  
  140  16:15  Marine x2  
  140  16:16  Marauder x2  
  141  16:22  Marine  
  141  16:23  Marauder  
  142  16:31  Orbital Command  
  138  16:35  Marauder, Marine x2  
  138  16:38  Marine x2  
  138  16:39  Marauder  
  146  16:42  Marine  
  146  16:43  Marauder  
  143  16:50  Marine x3  
  146  16:57  Planetary Fortress  
  143  17:02  Marine  
  143  17:03  Marauder  
  146  17:10  Marine x2  
  146  17:11  Marauder, Marine  
  151  17:20  SCV  
  151  17:21  SCV x2  
  154  17:28  SCV  
  155  17:31  Viking  
  155  17:33  SCV x2  
  155  17:36  Missile Turret  
  160  17:41  Supply Depot  
  160  17:42  Supply Depot  
  159  17:56  Supply Depot  
  159  17:57  Supply Depot  
  159  18:02  Marauder x2, Marine x6  
  132  18:09  Marauder x2, Marine  
  132  18:12  Marine  
  113  18:20  Marine  
Show
View Real Time Build Order
Export as new Build Order

Markuz Protoss - Winner!

Build Orders: 1 Gate Expand 

Get SALT Encoding   

  12  0:00  Probe  
  13  0:12  Probe  
  14  0:18  Pylon  
  14  0:25  Probe  
  15  0:37  Gateway, Probe  
  16  0:49  Probe  
  17  1:08  Nexus  
  17  1:16  Nexus  
  17  1:22  Assimilator  
  18  1:30  Cybernetics Core  
  17  1:33  Probe  
  18  1:45  Pylon  
  18  1:46  Probe  
  19  1:58  Probe  
  19  2:00  Warp Gate (Chrono Boost)  
  20  2:03  Gateway  
  20  2:10  Adept (Chrono Boost)  
  20  2:11  Probe  
  23  2:27  Gateway  
  23  2:29  Probe  
  23  2:30  Probe  
  24  2:37  Stalker  
  24  2:42  Probe  
  28  2:44  Probe  
  28  2:52  Adept  
  28  2:55  Probe  
  28  2:58  Probe  
  32  3:07  Probe  
  32  3:09  Assimilator  
  33  3:13  Probe  
  33  3:19  Probe  
  36  3:30  Pylon  
  36  3:31  Adept x2  
  36  3:32  Adept, Probe (Chrono Boost)  
  43  3:34  Probe (Chrono Boost)  
  43  3:46  Twilight Council  
  45  3:48  Probe (Chrono Boost)  
  45  3:49  Probe (Chrono Boost)  
  45  3:53  Probe (Chrono Boost)  
  45  3:55  Probe  
  45  4:04  Probe  
  45  4:07  Probe  
  41  4:14  Assimilator  
  41  4:16  Gateway  
  41  4:17  Blink (Chrono Boost)  
  41  4:20  Probe x2  
  43  4:24  Stalker  
  45  4:35  Probe x2  
  45  4:36  Stalker  
  49  4:46  Stalker  
  49  4:47  Probe  
  53  4:54  Pylon, Stalker  
  53  4:57  Pylon  
  54  5:12  Pylon, Probe x2  
  56  5:14  Stalker x3  
  56  5:20  Nexus  
  62  5:25  Probe x2  
  62  5:37  Probe x2  
  54  5:51  Stalker x4  
  54  5:53  Probe x2  
  58  6:05  Probe x2  
  58  6:08  Pylon  
  58  6:11  Gateway  
  58  6:13  Gateway  
  58  6:14  Stalker x2  
  58  6:15  Stalker x2  
  66  6:28  Nexus  
  66  6:41  Stalker x4  
  66  6:42  Probe  
  66  6:43  Probe  
  76  7:05  Stalker  
  76  7:06  Stalker x4  
  86  7:10  Stalker  
  86  7:14  Pylon  
  86  7:20  Probe x2  
  80  7:32  Charge (Chrono Boost), Probe x2  
  80  7:39  Stalker x4  
  80  7:40  Zealot x2  
  92  7:44  Assimilator, Probe x2 (Chrono Boost)  
  92  7:45  Probe (Chrono Boost)  
  95  7:55  Probe x3 (Chrono Boost)  
  98  7:59  Pylon  
  98  8:00  Probe x3 (Chrono Boost)  
  101  8:10  Probe x2  
  101  8:11  Probe  
  92  8:16  Zealot x4  
  92  8:17  Zealot x2  
  104  8:23  Nexus  
  104  8:29  Robotics Facility  
  104  8:32  Probe x3  
  107  8:42  Assimilator  
  107  8:43  Forge  
  107  8:47  Forge  
  107  8:48  Probe x3  
  107  8:50  Zealot x3  
  107  8:51  Zealot  
  107  8:54  Pylon  
  116  9:00  Probe  
  117  9:03  Probe x2  
  113  9:16  Protoss Ground Weapons Level 1 (Chrono Boost), Protoss Ground Armor Level 1 (Chrono Boost)  
  111  9:17  Warp Prism (Chrono Boost)  
  111  9:25  Probe  
  111  9:26  Probe x2  
  106  9:32  Stalker x5  
  106  9:33  Stalker  
  116  9:40  Gateway x2  
  112  10:01  Robotics Facility  
  112  10:02  Robotics Bay  
  112  10:04  Zealot x4  
  112  10:05  Zealot x2  
  112  10:06  Observer, Robotics Facility  
  123  10:24  Observer  
  118  10:29  Zealot x6  
  130  10:42  Observer  
  111  10:58  Colossus x2 (Chrono Boost)  
  111  11:00  Colossus (Chrono Boost)  
  123  11:05  Zealot  
  123  11:06  Zealot x3  
  123  11:07  Zealot  
  133  11:15  Zealot x3  
  133  11:16  Observer  
  116  11:42  Extended Thermal Lance (Chrono Boost)  
  114  11:47  Dark Shrine  
  114  11:50  Gateway  
  114  11:52  Pylon  
  114  11:53  Observer (Chrono Boost), Warp Prism (Chrono Boost), Nexus  
  112  11:54  Gateway  
  112  11:56  Pylon  
  112  11:57  Immortal  
  112  11:59  Gateway  
  112  12:01  Gateway  
  117  12:03  Stalker x2  
  117  12:04  Stalker x6  
  117  12:05  Protoss Ground Weapons Level 2 (Chrono Boost), Protoss Ground Armor Level 2 (Chrono Boost)  
  117  12:06  Probe x4  
  137  12:16  Gateway  
  137  12:18  Gateway  
  137  12:19  Gateway  
  137  12:23  Assimilator  
  137  12:25  Probe x2  
  139  12:36  Assimilator x2  
  139  12:37  Pylon, Zealot x4  
  139  12:39  Pylon  
  147  13:01  Pylon x2  
  147  13:02  Pylon  
  147  13:04  Pylon  
  137  13:05  Pylon  
  137  13:08  Zealot x11  
  154  13:17  Gravitic Drive (Chrono Boost)  
  100  13:38  Zealot x5  
  100  13:39  Zealot x9  
  106  13:49  Colossus x3 (Chrono Boost)  
  97  14:02  Stalker x2  
  97  14:03  Zealot  
  97  14:04  Dark Templar x2  
  97  14:05  Dark Templar x2  
  97  14:07  Stalker x5  
  115  14:12  Zealot x2  
  111  14:21  Archon x2  
  111  14:24  Probe x2  
  111  14:25  Probe  
  111  14:26  Protoss Ground Armor Level 3 (Chrono Boost), Shadow Stride (Chrono Boost), Protoss Ground Weapons Level 3 (Chrono Boost)  
  112  14:32  Observer, Dark Templar  
  112  14:33  Zealot x4  
  112  14:34  Zealot  
  104  14:40  Warp Prism (Chrono Boost)  
  104  14:41  Gravitic Boosters  
  106  14:47  Stalker x3  
  106  14:48  Stalker x2  
  116  14:56  Probe x4  
  120  15:01  Nexus  
  120  15:10  Stalker x2  
  124  15:23  Probe x4  
  124  15:25  Templar Archives  
  128  15:35  Zealot x5  
  138  15:45  Pylon  
  138  16:01  Zealot x2  
  138  16:02  Zealot x2, Dark Templar x2  
  138  16:03  Zealot x2  
  154  16:06  Warp Prism (Chrono Boost)  
  154  16:07  Disruptor (Chrono Boost)  
  159  16:18  Probe x3  
  159  16:20  Disruptor (Chrono Boost), Probe  
  148  16:46  Disruptor x2 (Chrono Boost)  
  142  16:49  Disruptor (Chrono Boost)  
  152  16:54  Stalker x3  
  152  16:55  Zealot x4  
  152  16:57  Zealot x5  
  174  17:06  Probe x2  
  174  17:07  Probe  
  175  17:20  Gateway x2, Disruptor x2  
  175  17:21  Disruptor  
  187  17:27  Dark Templar  
  185  18:12  Zealot x5  
  188  18:19  Zealot x2  
  171  18:20  Zealot  
  171  18:24  Dark Templar x2  
  171  18:25  Zealot x4  
  161  18:29  Zealot x2  
Tags
 
Add a new tag
Caveats
  • Supply blocks, unpowered buildings, or Contaminate may cause inaccurate times.
  • Supply counts are checked every 10 seconds.